 Dungeon Sprint DCSS version 0.27.1-33-g824d729ab1 (webtiles) character file.

Game seed: 4138656454380993493

11580 manyhoops the Scorcher (level 11, -4/89 HPs)
             Began as a Demigod Fire Elementalist on Nov 27, 2021.
             Slain by a lorocyproca (21 damage)
             ... in the Dungeon (Sprint I: "Red Sonja").
             The game lasted 00:19:45 (3587 turns).

manyhoops the Scorcher (Demigod Fire Elementalist)  Turns: 3587, Time: 00:19:45

Health: -4/89      AC:  5    Str:  9      XL:     11   Next: 27%
Magic:  0/31       EV: 12    Int: 29      God:
Gold:   257        SH:  0    Dex: 11 (12) Spells: 7/34 levels left

rFire    + . .     SeeInvis .   h - +5 club
rCold    + . .     Faith    .   (no shield)
rNeg     . . .     Spirit   .   g - +2 robe {rC+}
rPois    .         Reflect  .   (no helmet)
rElec    .         Harm     .   s - +0 cloak
rCorr    .         Rampage  .   (no gloves)
Will     +....     Clarity  +   (no boots) Stlth ++........NoTele +
                                (no amulet)
HPRegen  0.24/turn              (no ring)
MPRegen  0.22/turn              (no ring)

@: brilliant
A: high mp 1, forlorn, clarity, clumsy 1, deterioration 1, fire resistance 1,
screaming 1
a: no special abilities


You were in the Dungeon.
You visited 1 branch You collected 1457 gold pieces.
You spent 1200 gold pieces at shops.

Inventory:

Hand Weapons
 h - a +5 club (weapon)
 k - a +2 dagger of distortion
Missiles
 l - 5 curare-tipped darts
Armour
 g - a +2 robe of cold resistance (worn)
 s - a +0 cloak (worn)
Wands
 a - a wand of flame (15)
 f - a wand of polymorph (8)
 m - a wand of paralysis (7)
 o - a wand of iceblast (6)
Scrolls
 j - 2 scrolls of identify
 n - a scroll of blinking
 p - a scroll of enchant armour {unknown}
Potions
 b - 3 potions of curing
 d - a potion of haste
 i - a potion of flight
Miscellaneous
 q - a phial of floods


   Skills:
 - Level 6.0 Fighting
 - Level 3.6 Dodging
 - Level 3.0 Stealth
 - Level 1.2 Unarmed Combat
 - Level 12.2 Spellcasting
 - Level 13.2 Conjurations
 - Level 15.4 Fire Magic
 + Level 7.7 Earth Magic


You had 7 spell levels left.
You knew the following spells:

 Your Spells              Type           Power      Damage    Failure   Level
a - Foxfire               Conj/Fire      100%       2x1d9     0%          1
b - Sticky Flame          Conj/Fire      100%       2d11      1%          4
c - Conjure Flame         Conj/Fire      100%       6-21      1%          3
d - Fireball              Conj/Fire      50%        3d20      1%          5
e - Swiftness             Air            26%        N/A       9%          3
f - Passwall              Tmut/Erth      46%        N/A       1%          2
g - Inner Flame           Hex/Fire       76%        N/A       1%          3
h - Iron Shot             Conj/Erth      43%        9d8       6%          6

Your spell library contained the following spells:

 Spells                   Type           Power      Damage    Failure   Level
 Invisibility             Hex            13%        N/A       99%         6
 Lehudib's Crystal Spear  Conj/Erth      43%        10d11     95%         8


Dungeon Overview and Level Annotations

Branches:
Dungeon (1/1)

Shops:
D ::[*((!!*?!(?*=(*!=[?


Innate Abilities, Weirdness & Mutations

Your attributes grow dramatically as you level up.
You have an increased reservoir of magic. (+10% MP)
You shall have no god before yourself.
You possess an exceptional clarity of mind.
You are clumsy. (Dex -2)
Your body sometimes deteriorates upon taking damage.
Your flesh is heat resistant. (rF+)
You occasionally shout uncontrollably at your foes.


Message History

You start resting.
Your extra speed is starting to run out.
You start resting.
You feel yourself slow down.
You start resting.
Something unseen opens the door.
You hear a chilling moan.
Casting: Foxfire (safe; 0% risk of failure)
Confirm with . or Enter, or press ? or * to list all spells.
You conjure some foxfire!
The hog squeals angrily.
Something hits you.
You feel your power leaking away.
Deactivating autopickup; reactivate with Ctrl-A.
You hit something but do no damage. Something hits you.
You feel your power leaking away.
Your foxfire dissipates!
You see here a +0 robe.
There is an open door here.
Casting: Foxfire (safe; 0% risk of failure)
Confirm with . or Enter, or press ? or * to list all spells.
You don't have enough magic to cast this spell.
Okay, then.
Something is blocking the doorway!
Something hits you!!
You feel your power leaking away.
Something is blocking the doorway!
Something hits you.
You feel much better. Something hits you!!!
* * * LOW HITPOINT WARNING * * *
Your body deteriorates!
You feel clumsy.
You feel much better. Something hits you!!
You feel your power leaking away.
There is an open door here.
You feel clever all of a sudden. Something hits you!
* * * LOW HITPOINT WARNING * * *
You feel better. Something hits you!!
* * * LOW HITPOINT WARNING * * *
You feel your power leaking away.
You feel better. Something hits you!!
You die...

#..#####'#####'#__####...h.§#§#
#..####..#...#.####)[#####§h§h# #
#..#__####..##.#)≈§..#..##+####^.
#..#_____##'#_[)≈≈§§§...#...○^#..
#⌠⌠#_.∩...'..._#§≈≈§§#..#^°°..+..
####_..__##_h#'##§#####'###^°^#
#_____###'#(#....###...#^..#
############.####+###.###.#.○##
#∩........'..hh.@...')∩##.#○.#
###''''####...###########§##'#
#.......####.###.......##§##)#
#........#.#'#.#........§.####
#..#.....#.....#...######§#
#........#.(...#........#.#
#.....#..#######.......#§§#
#........##(..........≈####
#..#.....##†.........≈≈#


You could see 2 hogs.

Vanquished Creatures
  2 centaur warriors (D)
  Sonja (D)
  A deep troll (D)
  A lindwurm (D)
  An oklob plant (D)
  8 shining eyes (D)
  A gargoyle (D)
  2 unseen horrors (D)
  2 kobold demonologists (D)
  4 demonic crawlers (D)
  A hornet (D)
  A slime creature (D)
  2 redbacks (D)
  Sigmund (D)
  A yak (D)
  2 hogs (D)
  6 floating eyes (D)
  7 necrophages (D)
  An ogre (D)
  8 jellies (D)
  Ijyb (D)
54 creatures vanquished.

Vanquished Creatures (others)
  A gargoyle (D)
  2 hogs (D)
  2 ballistomycete spores (D)
  88 foxfires (D)
93 creatures vanquished.

Grand Total: 147 creatures vanquished

Notes
Turn   | Place    | Note
-------+----------+-------------------------------------------
     0 | D        | manyhoops the Demigod Fire Elementalist began the quest for
                  | the Orb.
     0 | D        | Reached XP level 1. HP: 14/14 MP: 5/5
     3 | D        | Noticed Ijyb
    18 | D        | Killed Ijyb
    19 | D        | Reached skill level 1 in Conjurations
    19 | D        | Reached skill level 4 in Fire Magic
    19 | D        | Reached XP level 2. HP: 20/20 MP: 6/8
    58 | D        | Noticed an ogre
    74 | D        | Killed an ogre
    75 | D        | Reached skill level 1 in Unarmed Combat
    75 | D        | Reached skill level 6 in Fire Magic
    75 | D        | Reached XP level 3. HP: 26/26 MP: 4/11
    75 | D        | Reached XP level 4. HP: 33/33 MP: 4/12
   146 | D        | Learned a level 4 spell: Sticky Flame
   150 | D        | Learned a level 3 spell: Conjure Flame
   152 | D        | Noticed Sigmund
   158 | D        | Killed Sigmund
   159 | D        | Reached XP level 5. HP: 28/38 MP: 3/19
   264 | D        | Learned a level 5 spell: Fireball
   359 | D        | Found Jyst's General Store.
   359 | D        | Noticed a yak
   365 | D        | Killed a yak
   366 | D        | Reached skill level 8 in Fire Magic
   366 | D        | Reached XP level 6. HP: 41/45 MP: 12/20
   373 | D        | Bought a scroll of identify for 20 gold pieces
   373 | D        | Bought a potion of curing for 30 gold pieces
   414 | D        | Noticed a slime creature
   423 | D        | Killed a slime creature
   424 | D        | Reached skill level 5 in Conjurations
   424 | D        | Reached skill level 9 in Fire Magic
   424 | D        | Reached XP level 7. HP: 21/50 MP: 13/22
   617 | D        | Noticed Sonja
   619 | D        | Killed Sonja
   620 | D        | Reached skill level 11 in Fire Magic
   791 | D        | Found Bel Vicink's Book Boutique.
   799 | D        | Bought a book of Burglary for 308 gold pieces
   803 | D        | Learned a level 3 spell: Swiftness
   806 | D        | Learned a level 2 spell: Passwall
   812 | D        | Learned a level 3 spell: Inner Flame
   845 | D        | Noticed a kobold demonologist
   846 | D        | Noticed a kobold demonologist
   847 | D        | Reached XP level 8. HP: 57/57 MP: 18/24
   847 | D        | Killed a kobold demonologist
   847 | D        | Noticed a sun demon
   848 | D        | Reached skill level 12 in Fire Magic
   848 | D        | Killed a kobold demonologist
   976 | D        | Noticed a centaur warrior
   981 | D        | Noticed a centaur warrior
   984 | D        | Killed a centaur warrior
   985 | D        | Reached skill level 10 in Conjurations
   985 | D        | Reached skill level 13 in Fire Magic
   985 | D        | Reached XP level 9. HP: 59/62 MP: 9/25
   986 | D        | Killed a centaur warrior
   987 | D        | Reached skill level 14 in Fire Magic
  1168 | D        | Noticed an oklob plant
  1172 | D        | Killed an oklob plant
  1223 | D        | Killed a gargoyle
  1341 | D        | Paralysed by a floating eye for 4 turns
  1583 | D        | Reached skill level 1 in Fighting
  1588 | D        | Killed an unseen horror
  1593 | D        | Reached XP level 10. HP: 74/79 MP: 5/26
  1594 | D        | Reached skill level 5 in Fighting
  1739 | D        | Found Fuexzuas's Distillery.
  1740 | D        | Found Ygimat's Distillery.
  1740 | D        | Found Pialaur's Assorted Antiques.
  1741 | D        | Found Uruuqeu's Distillery.
  1741 | D        | Found Raneb's Jewellery Emporium.
  1742 | D        | Found Fagays's Magic Scroll Emporium.
  1769 | D        | Found Ijiach's Magic Scroll Emporium.
  1769 | D        | Found Pygurghot's Distillery.
  1769 | D        | Found Jabykhlek's Antique Weapon Shoppe.
  1769 | D        | Found Foynaim's Magic Scroll Boutique.
  1769 | D        | Found Ugoin's General Store.
  1769 | D        | Found Kazelass's Jewellery Shop.
  1769 | D        | Found Votun's Weapon Shoppe.
  1771 | D        | Bought a potion of heal wounds for 50 gold pieces
  1771 | D        | Bought 2 potions of brilliance for 80 gold pieces
  1771 | D        | Bought a potion of heal wounds for 50 gold pieces
  1771 | D        | Bought a potion of heal wounds for 50 gold pieces
  1773 | D        | Bought a cloak for 90 gold pieces
  1773 | D        | Found Ucecvur's Assorted Antiques.
  1774 | D        | Bought a scroll of blinking for 82 gold pieces
  1861 | D        | Noticed a deep troll
  1867 | D        | Killed a deep troll
  1986 | D        | Noticed a shining eye
  1986 | D        | Noticed a shining eye
  1986 | D        | Noticed a shining eye
  1990 | D        | Reached skill level 10 in Spellcasting
  2006 | D        | Paralysed by a floating eye for 3 turns
  2007 | D        | Gained mutation: Your body sometimes deteriorates upon
                  | taking damage. [a shining eye]
  2009 | D        | Noticed a shining eye
  2010 | D        | Killed a shining eye
  2012 | D        | Killed a shining eye
  2013 | D        | Noticed a shining eye
  2014 | D        | Gained mutation: You are clumsy. (Dex -2) [a shining eye]
  2034 | D        | Gained mutation: Your flesh is heat resistant. (rF+) [a
                  | shining eye]
  2035 | D        | Killed a shining eye
  2036 | D        | Killed a shining eye
  2159 | D        | Noticed a shining eye
  2160 | D        | Gained mutation: You occasionally shout uncontrollably at
                  | your foes. [a shining eye]
  2162 | D        | Killed a shining eye
  2162 | D        | Noticed a shining eye
  2189 | D        | Gained mutation: You possess an exceptional clarity of
                  | mind. [a shining eye]
  2190 | D        | Killed a shining eye
  2191 | D        | Reached skill level 15 in Fire Magic
  2278 | D        | Noticed a shining eye
  2282 | D        | Killed a shining eye
  2283 | D        | Reached XP level 11. HP: 89/89 MP: 18/31
  2426 | D        | Found Luavacw's Weapon Shop.
  2426 | D        | Found Gexoll's Antique Armour Emporium.
  2426 | D        | Found Boaptecw's Weapon Boutique.
  2427 | D        | Found Pekhlank's Book Shoppe.
  2514 | D        | Bought the Catalogue of the Ashen Volcanoes for 440 gold
                  | pieces
  2521 | D        | Learned a level 6 spell: Iron Shot
  2539 | D        | Found Socs's Armour Emporium.
  2586 | D        | HP: 2/89 [demonic crawler (6)]
  3149 | D        | Reached skill level 5 in Earth Magic
  3258 | D        | Noticed a lindwurm
  3260 | D        | Killed a lindwurm
  3587 | D        | Slain by a lorocyproca

Illustrated notes

Levels and vault maps discovered:
D:        dungeon_sprint_1 [red_sonja_temple_1, red_sonja_temple_small_1]

Skill      XL: |  1  2  3  4  5  6  7  8  9 10 11 |
---------------+----------------------------------+-----
Dodging        | 2 3 |  3.6
Stealth        | 2 3 |  3.0
Spellcasting   | 2 3 8 12 | 12.2
Conjurations   | 1 3 5 7 10 12 13 | 13.2
Fire Magic     | 4 6 8 9 11 13 14 15 | 15.4
Unarmed Combat | 1 |  1.2
Fighting       | 4 6 |  6.0
Earth Magic    | 7 |  7.7

Action                   |  1- 3 |  4- 6 |  7- 9 | 10-12 || total
-------------------------+-------+-------+-------+-------++-------
Melee: Unarmed           |     5 |       |       |       ||     5
       Club              |       |       |     1 |     2 ||     3
 Cast: Foxfire           |     5 |    13 |    21 |    32 ||    71
       Sticky Flame      |       |     3 |     1 |     9 ||    13
       Conjure Flame     |       |     1 |       |     3 ||     4
       Fireball          |       |       |    21 |    27 ||    48
       Swiftness         |       |       |     1 |     1 ||     2
       Iron Shot         |       |       |       |    15 ||    15
       Inner Flame       |       |       |       |     1 ||     1
  Use: Potion            |     1 |       |       |    11 ||    12
       Scroll            |     1 |       |       |     2 ||     3
Armor: Skin              |     1 |       |       |       ||     1
       Robe              |       |     1 |     4 |    21 ||    26
Dodge: Dodged            |     2 |     5 |    12 |    51 ||    70
